 Dungeon Crawl Stone Soup version 0.29.1-1-gd02db6906a (webtiles) character file.

Game seed: 2373655174311247568

15 xian the Sneak (level 2, -14/13 HPs)
             Began as a Spriggan Enchanter on Oct 3, 2022.
             Demolished by a goblin
             ... wielding a +1 dagger of distortion
              (15 damage)
             ... on level 1 of the Dungeon.
             The game lasted 00:02:10 (612 turns).

xian the Sneak (Spriggan Enchanter)                  Turns: 612, Time: 00:02:11

Health: -14/13     AC:  2    Str:  4    XL:     2   Next: 34%
Magic:  5/7        EV: 17    Int: 16    God:
Gold:   0          SH:  0    Dex: 15    Spells: 5/7 levels left

rFire   . . .      SeeInvis +   a - +1 dagger
rCold   . . .      Faith    .   (no shield)
rNeg    . . .      Spirit   .   b - +0 robe
rPois   .          Reflect  .   (helmet restricted)
rElec   .          Harm     .   (no cloak)
rCorr   .          Rampage  .   (gloves unavailable)
Will    .....                   (boots unavailable)
Stlth   +++.......              (no amulet)
HPRegen 0.04/turn               (no ring)
MPRegen 0.10/turn               (no ring)

@: very quick
A: very small, no large weapons, unfitting armour, see invisible, speed 3
a: no special abilities


You were on level 1 of the Dungeon.
You visited 1 branch of the dungeon, and saw 1 of its levels.

Inventory:

Hand Weapons
 a - a +1 dagger (weapon)
Armour
 b - a +0 robe (worn)
Potions
 c - 2 potions of invisibility
 d - 2 potions of lignification {unknown}
 e - a potion of mutation {unknown}


   Skills:
 + Level 1.2 Short Blades
 + Level 2.8 Dodging
 + Level 5.0 Stealth
 + Level 3.1 Spellcasting
 + Level 3.8 Hexes


You had 5 spell levels left.
You knew the following spells:

 Your Spells              Type           Power      Damage    Failure   Level
a - Ensorcelled Hibernat  Hex/Ice        16%        N/A       13%         2

Your spell library contained the following spells:

 Spells                   Type           Power      Damage    Failure   Level
 Confusing Touch          Hex            14%        N/A       12%         3
 Tukima's Dance           Hex            14%        N/A       12%         3
 Dazzling Flash           Conj/Hex       16%        N/A       26%         3


Dungeon Overview and Level Annotations

Branches:
Dungeon (1/15)

Altars:


Innate Abilities, Weirdness & Mutations

You are very small and have problems with some larger weapons.
You are too small for most types of armour.
You have supernaturally acute eyesight. (SInv)
You cover ground extremely quickly. (Speed+++)


Message History

You hit the jackal but do no damage. The jackal barely misses you.
You closely miss the jackal. The jackal misses you.
You barely miss the jackal. The jackal closely misses you.
The jackal barely misses you.
You barely miss the jackal. The jackal misses you.
You hit the jackal.
The jackal is lightly wounded.
The jackal misses you.
You hit the jackal.
The jackal is severely wounded.
The jackal closely misses you. The jackal bites you.
* * * LOW HITPOINT WARNING * * *
You barely miss the jackal.
The jackal is severely wounded.
The jackal misses you.
You hit the jackal but do no damage.
The jackal is severely wounded.
The jackal misses you.
You hit the jackal but do no damage.
The jackal is severely wounded.
The jackal misses you.
You hit the jackal.
You kill the jackal!
You see here a jackal corpse.
A goblin comes into view.
It is wielding a +1 dagger of distortion and quivering poisoned darts.
The goblin shouts!
A goblin is nearby!
You start resting.
A goblin is nearby!
Casting: Ensorcelled Hibernation (safe; 13% risk of failure)
Confirm with . or Enter, or press ? or * to list all spells.
Aiming: Ensorcelled Hibernation (safe; 13% risk of failure)
Press: ? - help, Shift-Dir - straight line, f - goblin
Aim: a goblin, wielding a +1 dagger of distortion and quivering poisoned darts (chance to affect: 59%)
The goblin resists with significant effort.
The goblin hits you with a +1 dagger of distortion.
* * * LOW HITPOINT WARNING * * *
Space warps horribly around you!
Ouch! That really hurt!
You die...

################.#
.........@.......#
####.#.###g#####.#
.........#
#.#.###..# #.#.#
#..# # #..##..##
#...†...#
#..##...# #..
#...#


You could see a goblin.

Vanquished Creatures
  2 ball pythons (D:1)
  A bat (D:1)
  An endoplasm (D:1)
  A hobgoblin (D:1)
  4 jackals (D:1)
  2 frilled lizards (D:1)
  A kobold (D:1)
  A rat (D:1)
13 creatures vanquished.

Notes
Turn   | Place    | Note
-------+----------+-------------------------------------------
     0 | D:1      | xian the Spriggan Enchanter began the quest for the Orb.
     0 | D:1      | Reached XP level 1. HP: 9/9 MP: 5/5
   391 | D:1      | Reached XP level 2. HP: 10/13 MP: 6/6
   422 | D:1      | Learned a level 2 spell: Ensorcelled Hibernation
   532 | D:1      | Reached skill level 5 in Stealth
   612 | D:1      | Demolished by a goblin

Illustrated notes

Levels and vault maps discovered:
D:1:      nicolae_arrival_washed_ashore, layout_basic

Skill      XL: |  1  2 |
---------------+-------+-----
Spellcasting   | 3 |  3.1
Stealth        | 5 |  5.0
Short Blades   | |  1.2
Dodging        | |  2.8
Hexes          | |  3.8

Action                   || total
-------------------------++-------
Melee: Dagger            ||    76
       Punch             ||     1
 Cast: Ensorcelled Hiber ||     1
  Use: Scroll            ||     3
Armor: Robe              ||     6
Dodge: Dodged            ||    69
